 Dungeon Crawl Stone Soup version 0.21-a0-95-g06f091e (webtiles) character file.

8387 grindst0ne the Transmogrifier (level 11, 0/157 HPs)
             Began as a Merfolk Transmuter on July 4, 2017.
             Was an Elder of Kikubaaqudgha.
             Slain by a killer bee (1 damage)
             ... on level 10 of the Dungeon.
             The game lasted 00:51:37 (12429 turns).

grindst0ne the Transmogrifier (Merfolk Transmuter) Turns: 12429, Time: 00:51:37

Health: 0/157      AC: 25    Str: 19    XL:     11   Next: 30%
Magic:  18/29      EV:  2    Int: 12    God:    Kikubaaqudgha [****..]
Gold:   535        SH:  0    Dex: 17    Spells: 6/22 levels left

rFire    + . .     SeeInvis .     - Unarmed
rCold    + . .     Gourm    .   (no shield)
rNeg     + + +     Faith    .   (armour currently unavailable)
rPois    +         Spirit   .   (helmet currently unavailable)
rElec    +         Reflect  .   (cloak currently unavailable)
rCorr    +         Harm     .   (gloves currently unavailable)
MR       +....     NoTele   +   (boots currently unavailable)
Stlth    ..........             (no amulet)
HPRegen  0.36/turn              (no ring)
MPRegen  0.21/turn              k - ring "Vuoster" {MR+ MP+9 Dex+2}

@: berserking, lethally poisoned (0 -> -4), tree-form, resistant, very slightly
contaminated, very quick
A: (change form in water), (swift swim), (stealthy swim)
a: Receive Corpses, Renounce Religion


You were on level 10 of the Dungeon.
You worshipped Kikubaaqudgha.
Kikubaaqudgha was greatly pleased with you.
You were not hungry.
You were a tree.
You visited 1 branch of the dungeon, and saw 10 of its levels.

You collected 535 gold pieces.

Inventory:

Missiles
 a - 94 arrows
 v - a throwing net (quivered)
Armour
 b - a +0 robe
 j - a +0 helmet
 m - a +0 leather armour
 t - a +1 helmet (melded)
 u - a +0 pair of gloves (melded)
 y - the +2 robe of the Kettle-Drum (melded) {rC+}
   (You found it on level 4 of the Dungeon)

   It protects you from cold.
 D - a +1 pair of boots (melded)
Jewellery
 k - the ring "Vuoster" (right branch) {MR+ MP+9 Dex+2}
   (You took it off a crimson imp on level 6 of the Dungeon)

   [ring of magical power]

   It affects your dexterity (+2).
   It affects your resistance to hostile enchantments.
   It affects your magic capacity (+9).
 q - an uncursed ring of fire
 C - an uncursed ring of resist corrosion {unknown}
Wands
 e - a wand of random effects (19/48)
 i - a wand of paralysis (8/24)
 x - a wand of flame (15/48)
 z - a wand of paralysis (10/24)
 A - a wand of flame (29/48)
 F - a wand of paralysis (20/24)
 H - a wand of flame (25/48)
Scrolls
 f - 5 scrolls of recharging
 l - 5 scrolls of teleportation
 p - a scroll of fog {unknown}
 w - 2 scrolls of remove curse
 E - a scroll of acquirement {unknown}
 G - a scroll of blinking
 I - 2 scrolls of magic mapping
Potions
 g - a potion of cancellation
 h - 2 potions of lignification
 N - 2 potions of invisibility
 P - a potion of brilliance
Books
 c - a book of Changes

   Spells                             Type                      Level
   a - Beastly Appendage              Transmutation                1
   b - Sticks to Snakes               Transmutation                2
   c - Spider Form                    Transmutation/Poison         3
   d - Ice Form                       Ice/Transmutation            4
   e - Blade Hands                    Transmutation                5
 o - Kikubaaqudgha's Incunabulum of Evil Rites
   (Kikubaaqudgha gifted it to you on level 2 of the Dungeon)

   Spells                             Type                      Level
   a - Animate Skeleton               Necromancy                   1
   b - Corpse Rot                     Necromancy                   2
   c - Sublimation of Blood           Necromancy                   2
   d - Vampiric Draining              Necromancy                   3
   e - Control Undead                 Necromancy                   4
 B - Kikubaaqudgha's Collected Works on Unholy Secrets
   (Kikubaaqudgha gifted it to you on level 5 of the Dungeon)

   Spells                             Type                      Level
   a - Animate Dead                   Necromancy                   4
   b - Excruciating Wounds            Charms/Necromancy            5
   c - Bolt of Draining               Conjuration/Necromancy       5
   d - Dispel Undead                  Necromancy                   5
   e - Death Channel                  Necromancy                   6
 J - a book of Spatial Translocations

   Spells                             Type                      Level
   a - Blink                          Translocation                2
   b - Shroud of Golubria             Charms/Translocation         2
   c - Lesser Beckoning               Translocation                3
   d - Gell's Gravitas                Translocation                3
   e - Teleport Other                 Translocation                3
   f - Passage of Golubria            Translocation                4
 M - a book of Debilitation

   Spells                             Type                      Level
   a - Corona                         Hexes                        1
   b - Slow                           Hexes                        2
   c - Inner Flame                    Hexes/Fire                   3
   d - Portal Projectile              Hexes/Translocation          3
   e - Cause Fear                     Hexes                        4
   f - Leda's Liquefaction            Hexes/Earth                  4
Comestibles
 s - 3 bread rations
 K - a meat ration
 L - 10 fruits


   Skills:
 - Level 1.1 Fighting
 - Level 2.6 Dodging
 + Level 11.0 Unarmed Combat
 + Level 6.3 Spellcasting
 + Level 5.7 Necromancy
 - Level 12.6 Transmutations
 - Level 4.1 Ice Magic


You had 6 spell levels left.
You knew the following spells:

 Your Spells              Type           Power        Failure   Level  Hunger
a - Beastly Appendage     Tmut           ####..       1%          1    None
b - Spider Form           Tmut/Pois      ###.......   3%          3    ###....
c - Sticks to Snakes      Tmut           ####....     1%          2    ##.....
d - Ice Form              Ice/Tmut       ###.....     5%          4    ####...
e - Blade Hands           Tmut           ####......   2%          5    ######.
f - Animate Skeleton      Necr           N/A          1%          1    None


Dungeon Overview and Level Annotations

Branches:
Dungeon (10/15)            Temple (0/1) D:7            Lair (0/6) D:10
    Orc: D:9-12

Altars:
Gozag
Hepliaklqana
Kikubaaqudgha
Makhleb
Okawaru
Uskayaw
Vehumet

Shops:
D:5 (

Annotations:
D:4 exclusion: statue
D:9 exclusion: downstairs
D:10 1 runed door


Message History

A red film seems to cover your vision as you go berserk!
You feel yourself moving faster!
You feel mighty!
You are near starving!
You feel sick.
You cannot move.
You are too berserk!
Okay, then.
You are too berserk!
You are too berserk!
You eat one of the 4 bread rations.
That bread ration really hit the spot!
You feel a strong urge to attack something.
You feel sick.
You barely miss the killer bee. The killer bee stings you.
* * * LOW HITPOINT WARNING * * *
The bullfrog zombie hits you but does no damage.
You barely miss the killer bee.
* * * LOW HITPOINT WARNING * * *
You feel sick. The killer bee stings you.
You die...
Kikubaaqudgha rasps: "You have failed me!
Welcome... death!"

#.)'...P.....#
####P.PPP#####
PPP..P.P.# # ...PP.P.##
########.##
.....P..####......#...
PP..P...............
.....#(.#.........#
##..###.###.......###...
###..##..# #....♣.......
###......# #...Zy.....##
.........###........##..
# ##..........(.........
#.
##..###.#..............
. #.
##.###..(.((###....#.#
#....
#....#......(....... . .
..#..
#.........(...########..
..... #....#.###.(#(##
#... .....


You could see a killer bee and a bullfrog zombie.

Vanquished Creatures
  A centaur warrior (D:8)
  2 two-headed ogres (D:9)
  Pikel (D:6)
  A centaur skeleton (D:10)
  A queen bee (D:10)
  A troll (D:6)
  Prince Ribbit (D:6)
  A hippogriff (D:9)
  8 yaks
  A steam dragon (D:10)
  Menkaure (D:6)
  A sky beast (D:9)
  2 slaves (D:6)
  2 orc warriors
  2 necrophages (D:9)
  2 ogres
  3 centaurs
  A crocodile (D:10)
  A big kobold (D:10)
  7 bullfrogs
  4 scorpions
  10 killer bees
  5 wights (D:6)
  A howler monkey (D:6)
  2 crimson imps
  3 jellies
  A centaur zombie (D:10)
  2 bullfrog zombies
  A bullfrog skeleton (D:10)
  3 hounds
  4 orc wizards
  Natasha (thrice) (D:2)
  An iguana (D:9)
  9 worker ants
  6 hound skeletons
  Robin (D:2)
  A worker ant zombie (D:7)
  9 gnolls
  9 adders
  An ooze (D:5)
  An adder skeleton (D:7)
  2 worms (D:2)
  3 dart slugs (D:1)
  4 leopard geckos
  9 orcs
  A ball python (D:4)
  10 bats
  7 giant cockroaches
  10 hobgoblins
  11 jackals
  7 kobolds
  2 quokkas
  9 frilled lizards
  15 goblins
  A jackal skeleton (D:5)
  A leopard gecko skeleton (D:4)
  10 rats
219 creatures vanquished.

Vanquished Creatures (collateral kills)
  A two-headed ogre (D:10)
  A yak (D:10)
  A hungry ghost (D:8)
  An ogre (D:10)
  A gnoll sergeant (D:5)
  A gnoll shaman (D:8)
  2 jellies
  An orc wizard (D:7)
  3 gnolls (D:8)
  2 worms
  An orc (D:7)
  A goblin (D:2)
  2 jackals
  4 kobolds (D:10)
  A fungus (D:10)
23 creatures vanquished.

Vanquished Creatures (others)
  2 slaves (D:6)
  A jelly (D:6)
  An iguana (D:6)
  An orc wizard (D:6)
  A gnoll (D:6)
  A leopard gecko (D:6)
  2 orcs (D:6)
9 creatures vanquished.

Grand Total: 251 creatures vanquished

Notes
Turn   | Place    | Note
-------+----------+-------------------------------------------
     0 | D:1      | grindst0ne the Merfolk Transmuter began the quest for the Orb.
     0 | D:1      | Reached XP level 1. HP: 15/15 MP: 3/3
   125 | D:1      | Reached skill level 3 in Transmutations
   225 | D:1      | Reached XP level 2. HP: 14/21 MP: 5/5
   551 | D:1      | Reached skill level 4 in Transmutations
  1079 | D:1      | Reached XP level 3. HP: 26/26 MP: 4/6
  1230 | D:1      | Learned a level 3 spell: Spider Form
  1780 | D:2      | Learned a level 2 spell: Sticks to Snakes
  1794 | D:2      | Found a faded altar of an unknown god.
  1885 | D:2      | Noticed Robin
  1903 | D:2      | Noticed Natasha
  1916 | D:2      | Killed Natasha
  1916 | D:2      | Reached skill level 5 in Transmutations
  1916 | D:2      | Reached XP level 4. HP: 32/32 MP: 0/7
  1961 | D:2      | Killed Robin
  2233 | D:2      | Became a worshipper of Kikubaaqudgha
  2233 | D:2      | Reached * piety under Kikubaaqudgha
  2233 | D:2      | Identified Kikubaaqudgha's Incunabulum of Evil Rites (Kikubaaqudgha gifted it to you on level 2 of the Dungeon)
  2233 | D:2      | Received a gift from Kikubaaqudgha
  2280 | D:2      | Reached XP level 5. HP: 37/37 MP: 2/8
  2543 | D:2      | Noticed Natasha
  2690 | D:2      | Killed Natasha
  2690 | D:2      | Reached skill level 6 in Transmutations
  2810 | D:2      | Noticed Natasha
  2822 | D:2      | Killed Natasha
  3200 | D:3      | Reached ** piety under Kikubaaqudgha
  3868 | D:4      | Reached XP level 6. HP: 43/43 MP: 1/9
  3918 | D:4      | Found a radiant altar of Vehumet.
  4270 | D:4      | Reached skill level 7 in Transmutations
  4331 | D:4      | Got a thick robe
  4345 | D:4      | Identified the +2 robe of the Kettle-Drum {rC+} (You found it on level 4 of the Dungeon)
  4449 | D:4      | You fall through a shaft for 2 floors!
  4468 | D:6      | Reached skill level 5 in Unarmed Combat
  4521 | D:6      | Noticed a slave
  4528 | D:6      | Noticed a slave
  4556 | D:6      | Killed a slave
  4572 | D:6      | Killed a slave
  4660 | D:6      | Noticed Pikel
  4682 | D:6      | Killed Pikel
  4682 | D:6      | Reached skill level 9 in Transmutations
  4682 | D:6      | Reached XP level 7. HP: 10/48 MP: 4/10
  5023 | D:6      | Learned a level 4 spell: Ice Form
  5057 | D:6      | Reached XP level 8. HP: 33/54 MP: 7/11
  5171 | D:6      | Noticed Prince Ribbit
  5171 | D:6      | Noticed a troll
  5217 | D:6      | Killed a troll
  5217 | D:6      | Reached skill level 10 in Transmutations
  5376 | D:6      | Killed Prince Ribbit
  5376 | D:6      | Reached skill level 11 in Transmutations
  5658 | D:6      | Got an ancient platinum ring
  5660 | D:6      | Identified the ring "Vuoster" {MR+ MP+9 Dex+2} (You took it off a crimson imp on level 6 of the Dungeon)
  5801 | D:6      | Noticed Menkaure
  5856 | D:5      | Entered Level 5 of the Dungeon
  6101 | D:5      | Found Kuphah's Weapon Shop.
  6250 | D:5      | Reached *** piety under Kikubaaqudgha
  6250 | D:5      | Identified Kikubaaqudgha's Collected Works on Unholy Secrets (Kikubaaqudgha gifted it to you on level 5 of the Dungeon)
  6250 | D:5      | Received a gift from Kikubaaqudgha
  6616 | D:5      | Found an opulent altar of Gozag.
  6623 | D:5      | Found a burning altar of Makhleb.
  6696 | D:5      | Reached XP level 9. HP: 33/59 MP: 12/12
  6729 | D:5      | Reached skill level 12 in Transmutations
  7157 | D:6      | Killed Menkaure
  7422 | D:6      | Found an iron altar of Okawaru.
  7902 | D:7      | Found a staircase to the Ecumenical Temple.
  8022 | D:7      | Reached skill level 1 in Ice Magic
  8028 | D:7      | Reached skill level 1 in Necromancy
  8816 | D:8      | Noticed a centaur warrior
  8859 | D:8      | Killed a centaur warrior
  8859 | D:8      | Reached XP level 10. HP: 37/65 MP: 14/14
  9115 | D:8      | Learned a level 5 spell: Blade Hands
  9504 | D:8      | Found a hide-covered altar of Uskayaw.
  9519 | D:8      | Found a hazy altar of Hepliaklqana.
  9609 | D:9      | Noticed a two-headed ogre
  9630 | D:9      | Killed a two-headed ogre
  9753 | D:9      | Noticed a two-headed ogre
  9813 | D:9      | Killed a two-headed ogre
 10261 | D:9      | Learned a level 1 spell: Animate Skeleton
 10599 | D:10     | Entered Level 10 of the Dungeon
 10599 | D:10     | Found a runed door.
 10599 | D:10     | Noticed a sixfirhy
 10611 | D:9      | Reached **** piety under Kikubaaqudgha
 10611 | D:9      | Reached skill level 10 in Unarmed Combat
 11029 | D:10     | Noticed a two-headed ogre
 11309 | D:9      | Reached skill level 5 in Spellcasting
 11689 | D:10     | Reached skill level 5 in Necromancy
 11735 | D:10     | Reached XP level 11. HP: 50/70 MP: 19/19
 11896 | D:10     | Found a staircase to the Lair.
 12066 | D:10     | Killed a two-headed ogre
 12427 | D:10     | HP: 7/157 [poisoned by a killer bee]
 12428 | D:10     | HP: 1/157 [killer bee (6)]
 12429 | D:10     | Slain by a killer bee

Vault maps used:
D:1:      minmay_arrival_widening_spiral_wide, minmay_hexomino_p4
D:2:      chequers_ecumenical_altar_simple, kennysheep_generic_room_7,
          uniq_robin, uniq_natasha
D:4:      vehumet_statue, nrook_uturn
D:5:      grunt_temple_overflow_open, first_bread, serial_shops,
          nicolae_shop_waterfront
D:6:      okawaru_altar_gauntlet_db, uniq_pikel, uniq_menkaure,
          uniq_prince_ribbit1
D:7:      temple_green
D:8:      amethyst_overflow_temple_binary
D:10:     cheibrodos_shockbox, grunt_lair_entry_orc_guard_hut, david_nohive_1

Skill      XL: |  1  2  3  4  5  6  7  8  9 10 11 |
---------------+----------------------------------+-----
Transmutations | 3 4 5 6 9 11 12 | 12.6
Unarmed Combat | 4 6 7 9 10 11 | 11.0
Spellcasting   | 3 5 6 |  6.3
Ice Magic      | 4 |  4.1
Necromancy     | 3 5 |  5.7
Fighting       | |  1.1
Dodging        | |  2.6

Action                   |  1- 3 |  4- 6 |  7- 9 | 10-12 || total
-------------------------+-------+-------+-------+-------++-------
Melee: Unarmed           |   141 |   229 |   211 |   168 ||   749
       Headbutt          |    11 |       |       |       ||    11
       Punch             |     1 |     3 |       |     4 ||     8
 Cast: Beastly Appendage |    11 |       |       |       ||    11
       Spider Form       |     8 |    29 |    39 |     8 ||    84
       Sticks to Snakes  |     2 |     8 |    32 |    36 ||    78
       Blade Hands       |       |       |       |    15 ||    15
       Ice Form          |       |       |       |     8 ||     8
       Animate Skeleton  |       |       |       |     3 ||     3
Evoke: Wand              |       |       |     8 |     3 ||    11
  Use: Scroll            |     4 |     6 |     7 |     6 ||    23
       Potion            |       |       |     4 |    11 ||    15
 Stab: Sleeping          |     1 |     2 |       |       ||     3
       Distracted        |       |       |     1 |     4 ||     5
  Eat: Chunk             |     5 |    10 |    14 |    10 ||    39
       Bread ration      |       |     1 |       |     3 ||     4
       Royal jelly       |       |       |     2 |       ||     2
       Fruit             |       |       |     2 |       ||     2
       Meat ration       |       |       |     1 |       ||     1
Armor: Robe              |    14 |     3 |    11 |    23 ||    51
       Leather armour    |     3 |     9 |       |       ||    12
       Skin              |     2 |    11 |    14 |    17 ||    44
Dodge: Dodged            |   110 |   221 |   178 |   161 ||   670
